 Dungeon Crawl Stone Soup version 0.30-a0-743-gbfdf073431 (webtiles) character file.

Game seed: 12942320245659982407

48 BubbleThief the Sneak (level 3, -1/18 HPs)
             Began as a Vine Stalker Enchanter on Feb 7, 2023.
             Slain by an iguana (3 damage)
             ... on level 3 of the Dungeon.
             The game lasted 00:02:37 (1517 turns).

BubbleThief the Sneak (Vine Stalker Enchanter)      Turns: 1517, Time: 00:02:38

Health: -1/18      AC:  3    Str: 10    XL:     3   Next: 72%
Magic:  0/7        EV: 12    Int: 15    God:
Gold:   216        SH:  0    Dex: 16    Spells: 5/7 levels left

rFire   . . .      SeeInvis .    a - +1 dagger
rCold   . . .      Faith    .    (no shield)
rNeg    . . .      Spirit   +    b - +0 robe
rPois   .          Reflect  .    n - +0 helmet
rElec   .          Harm     .    (no cloak)
rCorr   .          Rampage  .    (no gloves)
Will    .....                    (no boots)
Stlth   +++                      (no amulet)
HPRegen 0.23/turn                (no ring)
MPRegen 0.10/turn                (no ring)

@: no status effects
A: fangs 2, magic shield, antimagic bite, no potion heal 2
a: no special abilities


You were on level 3 of the Dungeon.
You visited 1 branch of the dungeon, and saw 3 of its levels.

You collected 216 gold pieces.

Inventory:

Hand Weapons
 a - a +1 dagger (weapon)
Armour
 b - a +0 robe (worn)
 n - a +0 helmet (worn)
Scrolls
 e - a scroll of enchant weapon {unknown}
 g - 2 scrolls of identify {unknown}
 i - a scroll of fog {unknown}
 j - 2 scrolls of amnesia {unknown}
 k - 2 scrolls of fear {unknown}
 l - a scroll of teleportation {unknown}
 m - 2 scrolls of noise {unknown}
 o - a scroll of immolation {unknown}
 p - a scroll of acquirement {unknown}
Potions
 c - 2 potions of invisibility
 d - a potion of mutation {unknown}
 f - a potion of curing {unknown}
 h - a potion of flight {unknown}


   Skills:
 + Level 1.1 Fighting
 + Level 1.5 Short Blades
 - Level 1.5 Dodging
 + Level 4.1 Stealth
 + Level 2.6 Spellcasting
 + Level 3.3 Hexes


You had 5 spell levels left.
You knew the following spells:

 Your Spells              Type           Power      Damage    Failure   Level
a - Ensorcelled Hibernat  Hex/Ice        14%        N/A       16%         2

Your spell library contained the following spells:

 Spells                   Type           Power      Damage    Failure   Level
 Confusing Touch          Hex            12%        N/A       16%         3
 Tukima's Dance           Hex            12%        N/A       16%         3
 Summon Small Mammal      Summ           4%         N/A       22%         1
 Dazzling Flash           Conj/Hex       14%        N/A       30%         3
 Summon Guardian Golem    Hex/Summ       7%         N/A       30%         3
 Call Canine Familiar     Summ           1%         N/A       54%         3


Dungeon Overview and Level Annotations

Branches:
Dungeon (3/15)

Altars:
Ru
Vehumet


Innate Abilities, Weirdness & Mutations

You have extremely sharp teeth.
When hurt, damage is shared between your health and your magic reserves.
Your bite disrupts and absorbs the magic of your enemies.
Potions cannot restore your health.


Message History

You kill the worm!
No target in view!
No target in view!
Magic restored.
HP restored.
You now have 216 gold pieces (gained 10).
An iguana comes into view.
An iguana is nearby!
The iguana hisses angrily.
The iguana barely misses you.
You hit the iguana.
The iguana is lightly wounded.
The iguana closely misses you.
You hit the iguana but do no damage. You bite the iguana. You drain its power.
The iguana is heavily wounded.
The iguana misses you.
You closely miss the iguana.
The iguana is heavily wounded.
The iguana bites you.
You barely miss the iguana. You bite the iguana, but do no damage.
The iguana is heavily wounded.
The iguana barely misses you.
You hit the iguana.
The iguana is severely wounded.
The iguana bites you.
You hit the iguana but do no damage.
The iguana is severely wounded.
You hit the iguana but do no damage.
The iguana is severely wounded.
The iguana bites you!
You are too injured to fight recklessly!
You closely miss the iguana. You bite the iguana. You drain its power.
You feel invigorated.
The iguana is almost dead.
The iguana bites you!
* * * LOW HITPOINT WARNING * * *
You hit the iguana but do no damage.
The iguana is almost dead.
The iguana bites you.
You die...

#.........................#
#.........................#
#.........................#
##.........................#
.................†.........
#####......................
# ###......................
###........................
....)...........@.........
###..............l....... #
##....................
#....................
#.................... #
#.................... #
#....................
####.#..................
.........#


You could see an iguana.

Vanquished Creatures
  2 worms
  4 dart slugs
  2 orcs (D:3)
  A bat (D:1)
  5 endoplasms (D:1)
  A giant cockroach (D:2)
  2 goblins (D:1)
  4 hobgoblins
  A quokka (D:1)
  2 ball pythons
  2 kobolds (D:1)
  5 rats
31 creatures vanquished.

Notes
Turn   | Place    | Note
-------+----------+-------------------------------------------
     0 | D:1      | BubbleThief the Vine Stalker Enchanter began the quest for
                  | the Orb.
     0 | D:1      | Reached XP level 1. HP: 9/9 MP: 4/4
    37 | D:1      | Reached skill level 1 in Short Blades
    63 | D:1      | Reached XP level 2. HP: 9/14 MP: 4/6
    66 | D:1      | Learned a level 2 spell: Ensorcelled Hibernation
   286 | D:1      | Found a faded altar of an unknown god.
   463 | D:1      | Reached skill level 4 in Stealth
   463 | D:1      | Reached XP level 3. HP: 17/17 MP: 7/7
   724 | D:2      | Reached skill level 1 in Fighting
  1141 | D:3      | Found a sacrificial altar of Ru.
  1145 | D:3      | Found a faded altar of an unknown god.
  1365 | D:3      | Found a radiant altar of Vehumet.
  1517 | D:3      | Slain by an iguana

Illustrated notes

Levels and vault maps discovered:
D:1:      lemuel_arrival_broad_hall, layout_rooms,
          shapermc_ecumenical_altar_mp_highgroup, dk_noncrumbling_3
D:2:      layout_loops_ring, minmay_pentomino_q2
D:3:      layout_rooms, amcnicky_altar_gilded, mainiacjoe_overflow_24_doors,
          nicolae_overflow_ecumenical_swirl, mainiacjoe_overflow_boulevard,
          serial_shops, nicolae_shop_stone, wad_floor_pattern_2,
          minmay_stone_trees_small

Skill      XL: |  1  2  3 |
---------------+----------+-----
Short Blades   | 1 |  1.5
Stealth        | 4 |  4.1
Fighting       | 1 |  1.1
Dodging        | |  1.5
Spellcasting   | |  2.6
Hexes          | |  3.3

Action                     || total
---------------------------++-------
  Melee: Dagger            ||   105
         Bite              ||    34
         Punch             ||     4
   Stab: Sleeping          ||     8
 Armour: Robe              ||     5
  Dodge: Dodged            ||    42

Table legend: (Time is in decaauts)
 A = Elapsed time spent in this place.
 B = Non-inter-level travel time spent in this place.
 C = Inter-level travel time spent in this place.
 D = Time resting spent in this place.
 E = Time spent auto-exploring this place.
 F = Levels seen in this place.
 G = Mean time per level.
                   A        B        C        D        E       F      G
               +--------+--------+--------+--------+--------+-----+--------+
         Total |   1510 |   1482 |     28 |    100 |   1065 |   3 |  503.3 |
       Dungeon |   1510 |   1482 |     28 |    100 |   1065 |   3 |  503.3 |
               +--------+--------+--------+--------+--------+-----+--------+

Top non-repeatable levels by time:
     D:2: 581 daAuts
     D:1: 528 daAuts
     D:3: 400 daAuts
